 Dungeon Crawl Stone Soup version 0.25-a0-365-g7600c65aa0 (webtiles) character file.

Game seed: 12649479344807001807, levelgen mode: deterministic

1319 kipponium the Grappler (level 8, 0/64 HPs)
             Began as a Naga Transmuter on Jan 5, 2020.
             Slain by a phantom (7 damage)
             ... on level 5 of the Dungeon.
             The game lasted 00:22:57 (5036 turns).

kipponium the Grappler (Naga Transmuter)            Turns: 5036, Time: 00:22:58

Health: 0/64       AC:  3    Str: 14    XL:     8   Next: 59%
Magic:  11/11      EV: 10    Int: 15    God:
Gold:   236        SH:  0    Dex: 11    Spells: 5/11 levels left

rFire    . . .     SeeInvis +     - Unarmed
rCold    . . .     Gourm    .   (no shield)
rNeg     . . .     Faith    .   b - +0 robe
rPois    +         Spirit   .   (no helmet)
rElec    .         Reflect  .   (no cloak)
rCorr    .         Harm     .   (no gloves)
MR       +....                  (no barding)
Stlth    +.........             (no amulet)
HPRegen  0.20/turn              m - +2 ring of slaying
MPRegen  0.12/turn              (no ring)

@: short of breath, appendage, very slow
A: large, horns 2, see invisible, deformed body, poison resistance, slowness 2,
slow metabolism 1, spit poison 1, AC +2
a: Spit Poison, End Transformation


You were on level 5 of the Dungeon.
You were hungry.
You had grown temporary horns.
You visited 1 branch of the dungeon, and saw 5 of its levels.

You collected 236 gold pieces.

Inventory:

Missiles
 a - 102 arrows
 p - 12 poisoned darts (quivered)
 v - 3 curare-tipped darts
Armour
 b - a +0 robe (worn)
Jewellery
 m - a +2 ring of slaying (left hand)
Scrolls
 f - a scroll of fog {unknown}
 h - 7 scrolls of identify {unknown}
 j - a scroll of amnesia {unknown}
 k - 2 scrolls of enchant armour {unknown}
 l - 2 scrolls of teleportation {unknown}
 o - 2 scrolls of blinking {unknown}
 t - 2 scrolls of remove curse {unknown}
 u - a scroll of immolation {unknown}
 y - 2 scrolls of fear
 z - 2 scrolls of magic mapping {unknown}
Potions
 c - 2 potions of flight {unknown}
 e - a potion of ambrosia {unknown}
 g - a potion of cancellation {unknown}
 i - a potion of degeneration {unknown}
 n - a potion of agility {unknown}
 q - a potion of berserk rage
 r - 3 potions of lignification {unknown}
 s - 5 potions of curing {unknown}
 w - a potion of heal wounds {unknown}
 x - a potion of mutation {unknown}
 A - a potion of haste {unknown}
Comestibles
 d - 7 rations


   Skills:
 - Level 1.0 Fighting
 - Level 1.5 Dodging
 + Level 9.2 Unarmed Combat
 - Level 2.0 Spellcasting
 - Level 5.0 Transmutations
 - Level 3.0 Poison Magic


You had 5 spell levels left.
You knew the following spells:

 Your Spells              Type           Power        Failure   Level  Hunger
a - Beastly Appendage     Tmut           ###...       2%          1    #......
b - Sticks to Snakes      Tmut           ###.....     4%          2    ###....
c - Spider Form           Tmut/Pois      ##........   13%         3    ###....

Your spell library contained the following spells:

 Spells                   Type           Power        Failure   Level  Hunger
 Ice Form                 Ice/Tmut       #.......     61%         4    #####..
 Blade Hands              Tmut           ###.......   61%         5    ######.


Dungeon Overview and Level Annotations

Branches:
Dungeon (5/15)
 Temple: D:4-7

Altars:
Qazlal
Vehumet
Wu Jian
The Shining One

Annotations:
D:5 1 runed translucent door, Crazy Yiuf


Innate Abilities, Weirdness & Mutations

You cannot wear boots.
Your serpentine skin is tough. (AC +2)
You have supernaturally acute eyesight. (SInv)
Armour fits poorly on your strangely shaped body.
Your system is resistant to poisons. (rPois)
You cover ground very slowly.
You have a slow metabolism.
You can spit poison.
You have a pair of horns on your head.


Message History

Okay, then.
Throwing (i - inventory. (/) - cycle)
p - 13 poisoned darts (quivered)
Press: ? - help, Shift-Dir - straight line, f/p - worker ant
Aim: a worker ant You throw a poisoned dart.
The poisoned dart closely misses the worker ant.
The phantom blinks!
You hit the worker ant but do no damage.
Your headbutt misses the worker ant. The worker ant bites you!
* * * LOW HITPOINT WARNING * * *
You punch the worker ant! Your headbutt misses the worker ant.
The worker ant is heavily wounded.
The phantom hits you but does no damage.
The worker ant closely misses you.
You barely miss the worker ant.
The worker ant is heavily wounded.
The worker ant bites you.
* * * LOW HITPOINT WARNING * * *
The phantom hits you!
You die...

.....W..o. ###....##
..o....... ###...##.##
#...?..... ........).
##5a....... ##..#######
#.......... #..# #..........
##.## ##### #..<.......
####=)# #....
#.........W###..(.#### #....
#...(.....a@.§..(....###....
##........###.######†.......
##......## #.# #####....
##.....a. ..# #....
..........# #....
......$...# ##### . .....#
....o.#


You could see a phantom and a worker ant.

Vanquished Creatures
  A sky beast (D:5)
  2 ogres
  3 centaurs
  A big kobold (D:4)
  2 crimson imps (D:5)
  2 bullfrog skeletons (D:4)
  A hound (D:5)
  An orc priest (D:3)
  5 orc wizards (D:5)
  An iguana (D:4)
  Terence (D:2)
  3 worker ants
  A hound zombie (D:5)
  A hound skeleton (D:5)
  A worker ant zombie (D:5)
  Robin (D:3)
  A howler monkey skeleton (D:4)
  11 adders
  2 oozes
  3 worms
  3 dart slugs
  4 leopard geckos
  21 orcs
  3 ball pythons (D:3)
  4 bats
  6 giant cockroaches
  14 goblins
  7 hobgoblins
  6 jackals
  6 kobolds
  2 quokkas
  5 frilled lizards
  A jackal skeleton (D:4)
  9 rats
135 creatures vanquished.

Notes
Turn   | Place    | Note
-------+----------+-------------------------------------------
     0 | D:1      | kipponium the Naga Transmuter began the quest for the Orb.
     0 | D:1      | Reached XP level 1. HP: 18/18 MP: 3/3
    93 | D:1      | Reached XP level 2. HP: 25/25 MP: 5/5
   226 | D:1      | Learned a level 2 spell: Sticks to Snakes
   656 | D:1      | Reached XP level 3. HP: 30/31 MP: 4/6
   822 | D:2      | Reached skill level 4 in Unarmed Combat
  1373 | D:2      | Reached XP level 4. HP: 38/38 MP: 5/7
  1631 | D:3      | Noticed Terence
  1647 | D:2      | Killed Terence
  1743 | D:3      | Reached XP level 5. HP: 43/44 MP: 6/8
  1854 | D:3      | Reached skill level 5 in Unarmed Combat
  1859 | D:3      | Found a radiant altar of Vehumet.
  2388 | D:4      | Noticed a phantom
  2462 | D:3      | Noticed Robin
  2549 | D:3      | Killed Robin
  2549 | D:3      | Reached XP level 6. HP: 47/51 MP: 9/9
  2956 | D:4      | Reached skill level 6 in Unarmed Combat
  3136 | D:4      | Reached XP level 7. HP: 57/57 MP: 7/10
  3487 | D:5      | Entered Level 5 of the Dungeon
  3538 | D:4      | Reached skill level 5 in Transmutations
  3712 | D:5      | Reached skill level 7 in Unarmed Combat
  3855 | D:5      | Learned a level 3 spell: Spider Form
  4011 | D:5      | Reached skill level 1 in Poison Magic
  4132 | D:5      | Reached XP level 8. HP: 49/64 MP: 9/11
  4139 | D:5      | Reached skill level 8 in Unarmed Combat
  4313 | D:5      | Found an ornate altar of the Wu Jian Council.
  4319 | D:5      | Found a stormy altar of Qazlal.
  4327 | D:5      | Found a glowing golden altar of the Shining One.
  4663 | D:5      | Found a runed translucent door.
  4664 | D:5      | Noticed Crazy Yiuf
  4783 | D:5      | Reached skill level 9 in Unarmed Combat
  5036 | D:5      | Slain by a phantom

Levels and vault maps discovered:
D:1:      psy_arrival_whirlpool, layout_loops_cross
D:2:      layout_rooms
D:3:      layout_rooms, marbit_many_paths, first_ration, uniq_robin,
          uniq_terence
D:4:      layout_cave_pools
D:5:      layout_rooms, minitemple, uniq_crazy_yiuf_cottage

Skill      XL: |  1  2  3  4  5  6  7  8 |
---------------+-------------------------+-----
Unarmed Combat | 4 5 6 7 9 |  9.2
Transmutations | 3 4 5 |  5.0
Poison Magic   | 2 3 |  3.0
Fighting       | |  1.0
Dodging        | |  1.5
Spellcasting   | |  2.0

Action                   |  1- 3 |  4- 6 |  7- 9 || total
-------------------------+-------+-------+-------++-------
Melee: Unarmed           |    22 |   108 |   130 ||   260
       Headbutt          |     7 |    14 |    24 ||    45
       Punch             |       |     2 |     5 ||     7
Throw: Dart              |       |    25 |    23 ||    48
 Cast: Beastly Appendage |    15 |    25 |    20 ||    60
       Sticks to Snakes  |     2 |       |       ||     2
 Abil: Spit Poison       |    32 |    48 |    31 ||   111
  Use: Scroll            |       |     1 |       ||     1
 Stab: Sleeping          |       |     1 |       ||     1
  Eat: Chunk             |     3 |     8 |     6 ||    17
Armor: Robe              |     3 |    20 |    25 ||    48
Dodge: Dodged            |    10 |    42 |    51 ||   103

Table legend:
 A = Non-vault XP
 B = Vault XP
 C = Vault XP percentage of total XP
 D = Non-vault monster count
 E = Vault monster count
 F = Vault count percentage of total count
                 A         B        C        D         E       F
            +---------+---------+-------+---------+---------+-------
      Total |    1817 |      68 |   3.6 |     123 |      12 |   8.9
            +---------+---------+-------+---------+---------+-------
        D:1 |      38 |       0 |   0.0 |      21 |       0 |   0.0
        D:2 |      47 |      32 |  40.5 |      13 |       1 |   7.1
        D:3 |     188 |      36 |  16.1 |      35 |      11 |  23.9
        D:4 |     531 |       0 |   0.0 |      18 |       0 |   0.0
        D:5 |    1013 |       0 |   0.0 |      36 |       0 |   0.0
            +---------+---------+-------+---------+---------+-------
